AoeStats
← Carple

MegaRandom

505600641Analyzed
1v1 RM · 23d ago on Sep 10, 2026· 45m 18s· 2 players
Game mode
Random Map
Map size
Tiny (2 player)
Population
200
Speed
Normal
Resources
Standard
Victory
Conquest
Starting age
Dark Age
Ending age
Imperial Age
RankedLock teamsTeams togetherTeam positionsShared explorationLock speedFull tech treeHidden civsTurbo modeCheats
Victory
Defeat
🇨🇳 Chinese · China
1241
+18
🇨🇦 Spanish · Canada
1285
-18
养鱼的小太阳
0:30 Loom
10:24 Feudal Age
11:22 Double-Bit Axe
19:01 Castle Age
18:35 Stone Mining
19:24 Town Watch
20:16 Wheelbarrow
19:41 Gold Mining
20:04 Bow Saw
19:35 Horse Collar
20:24 Heavy Plow
20:53 Fletching
27:28 Gold Shaft Mining
28:17 Stone Shaft Mining
28:04 Hand Cart
27:48 Bodkin Arrow
28:05 Padded Archer Armor
32:39 Imperial Age
30:51 Leather Archer Armor
30:47 Forging
32:36 Thumb Ring
32:54 Ballistics
32:45 Masonry
32:31 Murder Holes
33:43 Conscription
34:25 Two-Man Saw
33:43 Bracer
34:14 Ring Archer Armor
34:23 Bloodlines
36:17 Architecture
37:03 Chemistry
36:23 Great Wall
37:29 Town Patrol
37:23 Cavalier
39:13 Scale Barding Armor
40:13 Iron Casting
39:45 Husbandry
39:43 Elite Chu Ko Nu
43:04 Blast Furnace
42:28 Chain Barding Armor
45:37 Rocketry
Carple
4:55 Loom
11:46 Feudal Age
12:12 Double-Bit Axe
16:54 Castle Age
18:09 Forging
18:07 Scale Barding Armor
18:12 Horse Collar
21:20 Husbandry
22:34 Bloodlines
26:18 Wheelbarrow
26:48 Heavy Plow
27:11 Padded Archer Armor
27:02 Fletching
27:25 Bow Saw
28:50 Gold Mining
28:52 Stone Mining
33:14 Imperial Age
31:04 Hand Cart
30:37 Town Watch
31:22 Leather Archer Armor
31:02 Bodkin Arrow
32:29 Squires
32:20 Arson
32:35 Bodkin Arrow
32:03 Elite Skirmisher
34:31 Cavalier
36:12 Conscription
35:59 Bracer
36:28 Pikeman
41:21 Ring Archer Armor
41:13 Chain Barding Armor
41:54 Ballistics
42:35 Chemistry
44:02 Stone Shaft Mining
42:53 Halberdier
Connection lost

Rejoining the realm…

Still unreachable

The connection could not be restored.

Session expired

The server has moved on; the page needs a fresh start.